 Dungeon Crawl Stone Soup version 0.19.4-9-g45fd643 (webtiles) character file.

21 DrClinical the Magician (level 2, -1/30 HPs)
             Began as a Draconian Wanderer on Feb 22, 2017.
             Succumbed to a goblin's poison
             ... on level 1 of the Dungeon.
             The game lasted 00:09:16 (705 turns).

DrClinical the Magician (Draconian Wanderer)         Turns: 705, Time: 00:09:17

Health: -1/30      AC: 21    Str: 15    XL:     2   Next: 65%
Magic:  7/7        EV:  2    Int: 13    God:
Gold:   39         SH:  0    Dex:  8    Spells: 0 memorised, 10 levels left

rFire  . . .     SeeInvis .     q - +3 dagger
rCold  . . .     Gourm    .     (armour unavailable)
rNeg   + + +     Faith    .     (no shield)
rPois  +         Spirit   .     (helmet currently unavailable)
rElec  .         Reflect  .     (cloak currently unavailable)
rCorr  .         Harm     .     (gloves currently unavailable)
MR     .....     NoTele   +     (boots currently unavailable)
Stlth  +.........               (no amulet)
                                o - +1 ring of evasion
                                k - +3 ring of evasion

@: lethally poisoned (-1 -> -22), tree-form
A: unfitting armour, (cold-blooded), AC +4
a: no special abilities


You were on level 1 of the Dungeon.
You were not hungry.
You were a tree.
You visited 1 branch of the dungeon, and saw 2 of its levels.

You collected 39 gold pieces.

Inventory:

Hand Weapons
 d - a +0 club
 j - a +0 spear
 q - a +3 dagger (weapon)
Missiles
 g - 5 needles of sleeping
Armour
 e - a +0 ring mail
Jewellery
 k - a +3 ring of evasion (left branch)
 o - a +1 ring of evasion (right branch)
Scrolls
 h - a scroll of magic mapping {unknown}
 i - a scroll of remove curse {unknown}
 m - a scroll of amnesia {unknown}
 p - a scroll of identify {unknown}
 r - a scroll of fog {unknown}
Books
 a - a book of Battle

   Spells                             Type                      Level
   a - Infusion                       Charms                       1
   b - Shroud of Golubria             Charms/Translocation         2
   c - Song of Slaying                Charms                       2
   d - Spectral Weapon                Hexes/Charms                 3
   e - Regeneration                   Charms/Necromancy            3
 b - Kikubaaqudgha's Papyrus of Evil Rituals

   Spells                             Type                      Level
   a - Pain                           Necromancy                   1
   b - Regeneration                   Charms/Necromancy            3
Comestibles
 f - a bread ration
 l - 5 chunks of flesh


   Skills:
 + Level 0.2 Polearms
 + Level 0.1 Dodging
 + Level 1.0 Stealth
 - Level 4.6 Spellcasting
   Level 1.0 Hexes
   Level 1.7 Charms
   Level 1.0 Air Magic
   Level 1.0 Evocations


You had 10 spell levels left.
You didn't know any spells.

Dungeon Overview and Level Annotations

Branches:
Dungeon (2/15)

Altars:

Annotations:
D:2 Robin


Innate Abilities, Weirdness & Mutations

((Your plain brown scales are hard. (AC +4)))
You cannot fit into any form of body armour.
((You are cold-blooded and may be slowed by cold attacks.))


Message History

You are more poisoned.
You barely miss the goblin.
You feel sick. The goblin closely misses you.
You closely miss the goblin.
You feel sick. The goblin hits you but does no damage.
You are more poisoned.
You hit the goblin.
You kill the goblin!
* * * LOW HITPOINT WARNING * * *
You feel sick.
* * * LOW HITPOINT WARNING * * *
You feel very sick.
Things that are here:
a dagger of venom; a goblin corpse It was a potion of magic.
Magic courses through your body.
* * * LOW HITPOINT WARNING * * *
You feel sick.
You turn into a tree.
Your roots penetrate the ground.
* * * LOW HITPOINT WARNING * * *
You feel sick.
You die...

.........# #.............#
###......# #>##..........#
###......##########.##...........
.................##.###..........
##..############....####(........
#.## ####......((##.##.... #.
#.....#####.......... #.
##.####...............
#...>♣..#######.##....
#....###### #.##.... #...
#.##.... # ...# #♣♣# #.###.(. #
#. ##♣#♣..#♣ #####.# ##.. # .
#♣≈♣♣.♣.≈♣♣♣.....# ###
#...........#♣#..######
#...........♣ ##.#..... #
♣..#######..♣ #.#.....


There were no monsters in sight!

Vanquished Creatures
  2 dart slugs (D:1)
  A leopard gecko (D:2)
  4 goblins (D:1)
  2 hobgoblins (D:1)
  3 kobolds (D:1)
  2 bats (D:1)
  A frilled lizard (D:1)
  2 rats (D:1)
17 creatures vanquished.

Notes
Turn   | Place    | Note
-------+----------+-------------------------------------------
     0 | D:1      | DrClinical the Draconian Wanderer began the quest for the Orb.
     0 | D:1      | DrClinical set off with: a book of Battle, Kikubaaqudgha's Papyrus of Evil Rituals, a potion of lignification, a +0 club, a bread ration
     0 | D:1      | Reached XP level 1. HP: 14/14 MP: 5/5
   523 | D:1      | Reached XP level 2. HP: 20/20 MP: 7/7
   688 | D:2      | Noticed Robin
   704 | D:1      | HP: 1/30 [poisoned by a goblin]
   705 | D:1      | Succumbed to a goblin's poison

Action                   || total
-------------------------++-------
Melee: Spear             ||    39
       Tailslap          ||     2
       Dagger            ||    10
  Use: Potion            ||     2
Armor: Skin              ||     5
Dodge: Dodged            ||    22
